3AA
WESTWOOD SIXSHOOTERS @ OTTAWA NATIONALS
08/08/2022
 
TOP OF THE 1ST
Westwood Sixshooters batting - Pitching for Ottawa Nationals : RHP Pedro Romero
Pitching: RHP Pedro Romero
Batting: RHB Manuel Becerra 0-0: Swinging Strike
0-1: Foul Ball, location: 2F
0-2: Ball
1-2: Fly out, F7 (Flyball, 78S)
Batting: RHB Aurelio García 0-0: Foul Ball, location: 2F
0-1: Ball
1-1: Foul Ball, location: 2F
1-2: Ball
2-2: SINGLE (Line Drive, 5)
Batting: RHB Wes Shannon 0-0: Swinging Strike
0-1: Fly out, F9 (Flyball, 9M)
Batting: RHB Ronnie Cleveland 0-0: Ball
1-0: Ball
2-0: 2-RUN HOME RUN (Flyball, 8LXD), Distance : 440 ft
Batting: RHB Sergio Martínez 0-0: Foul Ball, location: 2F
0-1: SINGLE (Groundball, 4)
Batting: RHB Winston Sparks 0-0: Ball
1-0: Ball
2-0: Ball
3-0: Base on Balls
Sergio Martínez to second
Batting: SHB Arnold Smith 0-0: Ball
1-0: Called Strike
1-1: Called Strike
1-2: Ball
2-2: Ball
3-2: Ground out 4-3 (Groundball, 4MS)
Top of the 1st over - 2 run(s), 3 hit(s), 0 error(s), 2 left on base; Westwood 2 - Ottawa 0
BOTTOM OF THE 1ST
Ottawa Nationals batting - Pitching for Westwood Sixshooters : RHP Jorge Carrión
Pitching: RHP Jorge Carrión
Batting: RHB Francisco Morales 0-0: Ball
1-0: Ball
2-0: Foul Ball, location: 2F
2-1: Foul Ball, location: 2F
2-2: Ball
3-2: Strikes out swinging
Batting: RHB Noel Wells 0-0: Called Strike
0-1: Ball
1-1: Ball
2-1: Foul Ball, location: 2F
2-2: Ball
3-2: Base on Balls
Batting: RHB Rodrigo Pagán 0-0: Ball
1-0: Called Strike
1-1: SINGLE (Groundball, 4D)
Noel Wells to second
Runner from 2nd tries for 3rd, SAFE, throw made to third
Batting: RHB José Icaza 0-0: Foul Ball, location: 2F
0-1: Ball
1-1: Foul Ball, location: 2F
1-2: Ball
2-2: Foul Ball, location: 2F
2-2: Fly out, F7 (Flyball, 78M)
Batting: LHB Tony Ríos 0-0: Swinging Strike
0-1: Foul Ball, location: 2F
0-2: Ball
1-2: Ball
2-2: Fly out, F4 (Line Drive, 4)
Bottom of the 1st over - 0 run(s), 1 hit(s), 0 error(s), 2 left on base; Westwood 2 - Ottawa 0
TOP OF THE 2ND
Westwood Sixshooters batting - Pitching for Ottawa Nationals : RHP Pedro Romero
Batting: RHB Jeremiah Howard 0-0: Called Strike
0-1: Foul Ball, location: 2F
0-2: Strikes out swinging
Batting: RHB Richard Hicks 0-0: Called Strike
0-1: Called Strike
0-2: Foul Ball, location: 2F
0-2: Ball
1-2: Ball
2-2: Foul Ball, location: 2F
2-2: Foul Ball, location: 2F
2-2: Fly out, F5 (Popup, 5SF)
Batting: RHB Manuel Becerra 0-0: Called Strike
0-1: Fly out, F7 (Flyball, 7S)
Top of the 2nd over - 0 run(s), 0 hit(s), 0 error(s), 0 left on base; Westwood 2 - Ottawa 0
BOTTOM OF THE 2ND
Ottawa Nationals batting - Pitching for Westwood Sixshooters : RHP Jorge Carrión
Batting: RHB Luke Turner 0-0: Called Strike
0-1: Ball
1-1: Ball
2-1: Foul Ball, location: 2F
2-2: Fly out, F2 (Popup, 5SF)
Batting: LHB Jerry Burnett 0-0: Called Strike
0-1: Ball
1-1: Ball
2-1: Swinging Strike
2-2: SINGLE (Groundball, 6M)
Batting: RHB Dan Curtis 0-0: Swinging Strike
0-1: Foul Ball, location: 2F
0-2: Ball
1-2: SINGLE (Line Drive, 9LM)
Jerry Burnett to second
Batting: LHB Javier Hernández 0-0: Foul Ball, location: 2F
0-1: Foul Ball, location: 2F
0-2: Ball
1-2: Ball
2-2: Ball
3-2: Fly out, F6 (Popup, 6MD)
Batting: RHB Francisco Morales 0-0: Ball
1-0: Ball
2-0: Ball
3-0: Called Strike
3-1: Ground out 5-3 (Groundball, 5L)
Bottom of the 2nd over - 0 run(s), 2 hit(s), 0 error(s), 2 left on base; Westwood 2 - Ottawa 0
TOP OF THE 3RD
Westwood Sixshooters batting - Pitching for Ottawa Nationals : RHP Pedro Romero
Batting: RHB Aurelio García 0-0: Ball
1-0: Ball
2-0: Foul Ball, location: 2F
2-1: Ground out 6-3 (Groundball, 6M)
Batting: RHB Wes Shannon 0-0: Ball
1-0: Ball
2-0: Ball
3-0: Foul Ball, location: 2F
3-1: SINGLE (Groundball, 56D)
Batting: RHB Ronnie Cleveland 0-0: Called Strike
0-1: Ball
1-1: Ball
2-1: Swinging Strike
2-2: Ball
3-2: Foul Ball, location: 2F
3-2: Base on Balls
Wes Shannon to second
Batting: RHB Sergio Martínez 0-0: Fly out, F8 (Popup, 8RS)
Batting: RHB Winston Sparks 0-0: Ball
1-0: Ball
2-0: Foul Ball, location: 2F
2-1: SINGLE (Flyball, 7LM)
Wes Shannon to third
Ronnie Cleveland to second
Runner from 3rd tries for Home, SAFE, no throw or cutoff
Batting: SHB Arnold Smith 0-0: Called Strike
0-1: Ball
1-1: Swinging Strike
1-2: Strikes out swinging
Top of the 3rd over - 1 run(s), 2 hit(s), 0 error(s), 2 left on base; Westwood 3 - Ottawa 0
BOTTOM OF THE 3RD
Ottawa Nationals batting - Pitching for Westwood Sixshooters : RHP Jorge Carrión
Batting: RHB Noel Wells 0-0: SINGLE (Groundball, 34D)
Batting: RHB Rodrigo Pagán 0-0: Ball
1-0: SINGLE (Line Drive, 34)
Noel Wells to second
Batting: RHB José Icaza 0-0: Ball
1-0: Called Strike
1-1: Foul Ball, location: 2F
1-2: Fly out, F8 (Line Drive, 8LD)
Runner from 2nd tags up, SAFE at 3rd with throw
Batting: LHB Tony Ríos 0-0: Called Strike
0-1: Ball
1-1: Swinging Strike
1-2: Fielders Choice at 2nd, 3-6 (Groundball, 3)
Noel Wells scores
Batting: RHB Luke Turner 0-0: Foul Ball, location: 2F
0-1: Swinging Strike
0-2: Ball
1-2: Foul Ball, location: 2F
1-2: Strikes out swinging
Bottom of the 3rd over - 1 run(s), 2 hit(s), 0 error(s), 1 left on base; Westwood 3 - Ottawa 1
TOP OF THE 4TH
Westwood Sixshooters batting - Pitching for Ottawa Nationals : RHP Pedro Romero
Batting: RHB Jeremiah Howard 0-0: Called Strike
0-1: Ball
1-1: Ball
2-1: Ground out 6-3 (Groundball, 6)
Batting: RHB Richard Hicks 0-0: Ground out 6-3 (Groundball, 6)
Batting: RHB Manuel Becerra 0-0: Ball
1-0: Foul Ball, location: 2F
1-1: Ball
2-1: Ball
3-1: Foul Ball, location: 2F
3-2: Ground out 6-3 (Groundball, 6)
Top of the 4th over - 0 run(s), 0 hit(s), 0 error(s), 0 left on base; Westwood 3 - Ottawa 1
BOTTOM OF THE 4TH
Ottawa Nationals batting - Pitching for Westwood Sixshooters : RHP Jorge Carrión
Batting: LHB Jerry Burnett 0-0: Ball
1-0: Ball
2-0: Swinging Strike
2-1: Fly out, F8 (Flyball, 78M)
Batting: RHB Dan Curtis 0-0: Called Strike
0-1: Ball
1-1: Foul Ball, location: 2F
1-2: Fly out, F9 (Flyball, 9M)
Batting: LHB Javier Hernández 0-0: Called Strike
0-1: Ball
1-1: Ball
2-1: Ball
3-1: Ground out 4-3 (Groundball, 4)
Bottom of the 4th over - 0 run(s), 0 hit(s), 0 error(s), 0 left on base; Westwood 3 - Ottawa 1
TOP OF THE 5TH
Westwood Sixshooters batting - Pitching for Ottawa Nationals : RHP Pedro Romero
Batting: RHB Aurelio García 0-0: Ball
1-0: Ball
2-0: Ball
3-0: Base on Balls
Batting: RHB Wes Shannon 0-0: Called Strike
0-1: Called Strike
0-2: Ball
1-2: Ball
2-2: Fly out, F5 (Line Drive, 56)
Batting: RHB Ronnie Cleveland 0-0: Called Strike
0-1: Called Strike
0-2: Ball
Aurelio García steals 2nd base
1-2: Foul Ball, location: 2F
1-2: Strikes out swinging
Batting: RHB Sergio Martínez 0-0: Called Strike
0-1: Ground out U3 (Groundball, 3S)
Top of the 5th over - 0 run(s), 0 hit(s), 0 error(s), 1 left on base; Westwood 3 - Ottawa 1
BOTTOM OF THE 5TH
Ottawa Nationals batting - Pitching for Westwood Sixshooters : RHP Jorge Carrión
Batting: RHB Francisco Morales 0-0: Called Strike
0-1: Ball
1-1: Bunted foul
1-2: Foul Ball, location: 2F
1-2: DOUBLE (Line Drive, 8RM)
Batting: RHB Noel Wells 0-0: Ball
1-0: SINGLE (Groundball, 6D)
Francisco Morales to third
Runner from 3rd tries for Home, SAFE, no throw or cutoff
Batting: RHB Rodrigo Pagán 0-0: Ball
1-0: Swinging Strike
1-1: Grounds into double play, 6-4-3 (Groundball, 6)
Batting: RHB José Icaza 0-0: Ball
1-0: Fly out, F5 (Popup, 56)
Bottom of the 5th over - 1 run(s), 2 hit(s), 0 error(s), 0 left on base; Westwood 3 - Ottawa 2
TOP OF THE 6TH
Westwood Sixshooters batting - Pitching for Ottawa Nationals : RHP Pedro Romero
Batting: RHB Winston Sparks 0-0: Ball
1-0: Ball
2-0: Ground out 5-3 (Groundball, 5L)
Batting: SHB Arnold Smith 0-0: Called Strike
0-1: Ground out 4-3 (Groundball, 4)
Batting: RHB Jeremiah Howard 0-0: Called Strike
0-1: Foul Ball, location: 2F
0-2: Strikes out swinging
Top of the 6th over - 0 run(s), 0 hit(s), 0 error(s), 0 left on base; Westwood 3 - Ottawa 2
BOTTOM OF THE 6TH
Ottawa Nationals batting - Pitching for Westwood Sixshooters : RHP Jorge Carrión
Batting: LHB Tony Ríos 0-0: Fly out, F4 (Line Drive, 4)
Batting: RHB Luke Turner 0-0: Called Strike
0-1: Foul Ball, location: 2F
0-2: SINGLE (Groundball, 34S)
Batting: LHB Jerry Burnett 0-0: Ball
1-0: Foul Ball, location: 2F
1-1: Ground out 5-3 (Groundball, 5S)
Luke Turner to second
Pitching: LHP Jeremy Vance
Batting: RHB Dan Curtis 0-0: Ball
1-0: Ball
2-0: Ball
3-0: Swinging Strike
3-1: Fly out, F7 (Flyball, 7M)
Bottom of the 6th over - 0 run(s), 1 hit(s), 0 error(s), 1 left on base; Westwood 3 - Ottawa 2
TOP OF THE 7TH
Westwood Sixshooters batting - Pitching for Ottawa Nationals : RHP Pedro Romero
Batting: RHB Richard Hicks 0-0: Ball
1-0: Called Strike
1-1: Ball
2-1: Foul Ball, location: 2F
2-2: Ball
3-2: Base on Balls
Pitching: RHP Mike Lane
Batting: RHB Manuel Becerra 0-0: Bunt missed!
0-1: Bunted foul
0-2: Ball
1-2: Ball
2-2: SINGLE (Line Drive, 6MD)
Richard Hicks to second
Batting: RHB Aurelio García 0-0: Foul Ball, location: 2F
0-1: Fly out, F9 (Flyball, 89M)
Batting: RHB Wes Shannon 0-0: Called Strike
0-1: Ball
1-1: Ball
2-1: Ball
3-1: Fly out, F3 (Line Drive, 3)
3-1: Lined into DP, U3 (Line Drive, 3)
Top of the 7th over - 0 run(s), 1 hit(s), 0 error(s), 1 left on base; Westwood 3 - Ottawa 2
BOTTOM OF THE 7TH
Ottawa Nationals batting - Pitching for Westwood Sixshooters : LHP Jeremy Vance
Batting: LHB Javier Hernández 0-0: Ball
1-0: Foul Ball, location: 2F
1-1: Foul Ball, location: 2F
1-2: Ball
2-2: Ball
3-2: Strikes out swinging
Batting: RHB Francisco Morales 0-0: Ball
1-0: Called Strike
1-1: Foul Ball, location: 2F
1-2: Ball
2-2: Ball
3-2: Foul Ball, location: 2F
3-2: Foul Ball, location: 2F
3-2: Base on Balls
Batting: RHB Noel Wells 0-0: Ball
1-0: Ball
2-0: Ball
Wild Pitch!
Francisco Morales to second
3-0: Base on Balls
Batting: RHB Rodrigo Pagán 0-0: Ball
1-0: Ball
2-0: Foul Ball, location: 2F
2-1: Ball
Noel Wells is caught stealing 2nd base
3-1: Foul Ball, location: 2F
3-2: Foul Ball, location: 2F
3-2: Foul Ball, location: 2F
3-2: Base on Balls
Batting: RHB José Icaza 0-0: Ball
1-0: Ground out 6-3 (Groundball, 6)
Bottom of the 7th over - 0 run(s), 0 hit(s), 0 error(s), 2 left on base; Westwood 3 - Ottawa 2
TOP OF THE 8TH
Westwood Sixshooters batting - Pitching for Ottawa Nationals : RHP Mike Lane
Batting: RHB Ronnie Cleveland 0-0: Foul Ball, location: 2F
0-1: Foul Ball, location: 2F
0-2: Foul Ball, location: 2F
0-2: Ball
1-2: Fly out, F9 (Line Drive, 9M)
Batting: RHB Sergio Martínez 0-0: Ball
1-0: Ball
2-0: Swinging Strike
2-1: Ball
3-1: Swinging Strike
3-2: Foul Ball, location: 2F
3-2: Base on Balls
Pinch Hitting: LHB José Martínez 0-0: Fly out, F7 (Line Drive, 78M)
Batting: SHB Arnold Smith 0-0: Ball
Sergio Martínez is caught stealing 2nd base
Top of the 8th over - 0 run(s), 0 hit(s), 0 error(s), 0 left on base; Westwood 3 - Ottawa 2
BOTTOM OF THE 8TH
Ottawa Nationals batting - Pitching for Westwood Sixshooters : LHP Jeremy Vance
Pitching: LHP Don Bender
Now in RF: José Martínez
Batting: LHB Tony Ríos 0-0: Foul Ball, location: 2F
0-1: Called Strike
0-2: Fly out, F8 (Flyball, 8RXD)
Pitching: RHP Paul Abbott
Batting: RHB Luke Turner 0-0: Ball
1-0: Ball
2-0: Foul Ball, location: 2F
2-1: Ball
3-1: Base on Balls
Batting: LHB Jerry Burnett 0-0: Ball
1-0: Swinging Strike
1-1: Sac Bunt - play at first, batter OUT! 2-4
Luke Turner to second
Pinch Hitting: SHB Cliff Hale 0-0: Ball
1-0: Called Strike
1-1: Ball
2-1: Ball
3-1: Called Strike
3-2: Foul Ball, location: 2F
3-2: Foul Ball, location: 2F
3-2: Base on Balls
Batting: LHB Javier Hernández 0-0: Ball
1-0: Fly out, F9 (Flyball, 9M)
Bottom of the 8th over - 0 run(s), 0 hit(s), 0 error(s), 2 left on base; Westwood 3 - Ottawa 2
TOP OF THE 9TH
Westwood Sixshooters batting - Pitching for Ottawa Nationals : RHP Mike Lane
Pitching: RHP Edwin Ellis
Now in RF: Cliff Hale
Batting: SHB Arnold Smith 0-0: Ball
1-0: Ball
2-0: Ball
3-0: Called Strike
3-1: Swinging Strike
3-2: Foul Ball, location: 2F
3-2: Base on Balls
Pinch Hitting: RHB Jason Boyer 0-0: Called Strike
Arnold Smith steals 2nd base
0-1: Foul Ball, location: 2F
0-2: Ball
1-2: Ball
2-2: Foul Ball, location: 2F
2-2: Foul Ball, location: 2F
2-2: Foul Ball, location: 2F
2-2: DOUBLE (Line Drive, 78XD)
Arnold Smith scores
Batting: RHB Richard Hicks 0-0: Called Strike
0-1: Foul Ball, location: 2F
0-2: Ball
1-2: Ground out 1-3 (Groundball, 15)
Batting: RHB Manuel Becerra 0-0: Intentional Walk
Batting: RHB Aurelio García 0-0: Foul Ball, location: 2F
0-1: Ball
1-1: Fly out, F6 (Line Drive, 6)
Batting: RHB Wes Shannon 0-0: Called Strike
0-1: Ball
1-1: Fly out, F8 (Flyball, 8LS)
Top of the 9th over - 1 run(s), 1 hit(s), 0 error(s), 2 left on base; Westwood 4 - Ottawa 2
BOTTOM OF THE 9TH
Ottawa Nationals batting - Pitching for Westwood Sixshooters : RHP Paul Abbott
Pitching: RHP Cisco Ortega
Now at 1B: Don Thomas
Batting: RHB Francisco Morales 0-0: Ball
1-0: Ball
2-0: Ball
3-0: Base on Balls
Batting: RHB Noel Wells 0-0: Ball
1-0: Ball
2-0: Ball
3-0: Called Strike
3-1: Fly out, F7 (Line Drive, 78M)
Batting: RHB Rodrigo Pagán 0-0: Ball
1-0: Ball
2-0: Called Strike
2-1: Ball
3-1: Swinging Strike
3-2: Grounds into double play, 6-4-3 (Groundball, 6)
Bottom of the 9th over - 0 run(s), 0 hit(s), 0 error(s), 0 left on base; Westwood 4 - Ottawa 2
This league is powered by Out of the Park Baseball, the baseball management simulation game for PC, Mac and Linux
Friday, April 15th, 2016 - OOTP Baseball 16.9 Build 39